 Dungeon Crawl Stone Soup version 0.31-a0-931-g7b59d4eb97 (webtiles) character file.

Game seed: 12760769603451035009

809 DocEon the Cleaver (level 7, -1/85 HPs)
             Began as a Minotaur Berserker on Oct 19, 2023.
             Was a Priest of Trog.
             Slain by an iguana (7 damage)
             ... on level 6 of the Dungeon.
             The game lasted 00:01:57 (3344 turns).

DocEon the Cleaver (Minotaur Berserker)             Turns: 3344, Time: 00:01:58

Health: -1/85      AC:  9    Str: 23    XL:     7   Next: 61%
Magic:  6/6        EV:  9    Int:  4    God:    Trog [***...]
Gold:   213        SH:  0    Dex: 10    Spells: 6/6 levels left

rFire   + . .        g - +1 war axe
rCold   . . .        (no shield)
rNeg    . . .        a - +1 chain mail {rF+}
rPois   .            (helmet restricted)
rElec   .            (no cloak)
rCorr   .            (no gloves)
SInv    .            (no boots)
Will    .....        (no amulet) Stlth
                     (no ring)
HPRegen 0.34/turn    (no ring)
MPRegen 0.10/turn

%: no passive effects
@: berserking, quick
A: horns 2, retaliatory headbutt
a: Renounce Religion, Berserk, Trog's Hand


You were on level 6 of the Dungeon.
You worshipped Trog.
Trog was most pleased with you.
You visited 1 branch of the dungeon, and saw 6 of its levels.

You collected 213 gold pieces.

Inventory:

Hand Weapons
 g - a +1 war axe (weapon)
Armour
 a - a +1 chain mail of fire resistance (worn)
Wands
 j - a wand of flame (13)
Scrolls
 i - a scroll of teleportation {unknown}
 k - a scroll of blinking
 l - a scroll of identify
Potions
 b - a potion of haste {unknown}
 c - 3 potions of curing {unknown}
 d - a potion of might
 e - 2 potions of attraction {unknown}
 f - a potion of experience {unknown}
 h - a potion of degeneration {unknown}


   Skills:
 - Level 3.6 Fighting
 * Level 10.9 Axes
 - Level 2.4 Armour
 - Level 2.1 Dodging


You had 6 spell levels left.
You didn't know any spells.
Your spell library was empty.

Dungeon Overview and Level Annotations

Branches:
Dungeon (6/15)
 Temple: D:4-7

Altars:
Nemelex Xobeh

Shops:
D:3 [


Innate Abilities, Weirdness & Mutations

You have a pair of horns on your head.
You reflexively headbutt those who attack you in melee.


Message History

The electric eel shoots out a bolt of lightning at you!
The bolt of electricity hits you.
The electric eel shoots out a bolt of lightning at you!
The bolt of electricity hits you!
The iguana moves out of view.
You enter the shallow water.
Moving in this stuff is going to be slow.
The electric eel shoots out a bolt of lightning at you!
The bolt of electricity hits you!
There are monsters nearby!
The electric eel shoots out a bolt of lightning at you!
The bolt of electricity hits you.
The electric eel shoots out a bolt of lightning at you!
The bolt of electricity hits you!
There are monsters nearby!
You are too injured to fight recklessly!
There are monsters nearby!
You are too injured to fight recklessly!
A red film seems to cover your vision as you go berserk!
You feel yourself moving faster!
You feel mighty!
You hit the electric eel. Your headbutt misses the electric eel.
The electric eel is lightly wounded.
You slash the plant!
The plant begins to die.
You slice the electric eel!!
You kill the electric eel!
Trog accepts your kill.
You hear a splash.
You slash the plant!
The electric eel shoots out a bolt of lightning at you!
The bolt of electricity hits you!
* * * LOW HITPOINT WARNING * * *
You hit the iguana. You headbutt the iguana!
The iguana is almost dead.
You hit the plant. The iguana barely misses you.
The electric eel shoots out a bolt of lightning at you!
The bolt of electricity hits you!
* * * LOW HITPOINT WARNING * * *
An electric eel comes into view.
The iguana bites you!
You die...

♣~~♣~~♣~≈≈≈≈≈≈S
~P~~~~≈≈≈≈≈≈≈≈≈
~~~~~~≈≈≈≈≈≈≈≈≈≈
~~~~~~≈≈≈≈≈≈≈≈≈≈
~~~P~~~≈≈≈≈≈≈≈≈≈
♣♣~~~~~≈≈≈≈≈≈≈≈≈
~~~~♣~~≈S≈≈≈≈≈~
~♣~~♣l@~≈≈~≈≈~
♣~ ♣P~~P~~♣~~~
#.♣♣♣~♣~♣♣♣
######..##.♣♣~~
.....#.....# ..#
.......<####
#..## ####....##
#..# ###...###
#.##
#.......#####..#
#.


You could see an iguana and 2 electric eels.

Vanquished Creatures
  An ice beast (D:6)
  2 ogres
  A phantom (D:4)
  A scorpion (D:5)
  An electric eel (D:6)
  2 hounds (D:4)
  2 orc priests
  3 iguanas
  Ijyb (D:5)
  8 adders
  2 worms (D:2)
  16 orcs
  4 ball pythons
  8 endoplasms
  5 giant cockroaches
  2 goblins
  4 hobgoblins
  A quokka (D:2)
  3 bats
  3 frilled lizards
  4 kobolds
  7 rats
81 creatures vanquished.

Notes
Turn   | Place    | Note
-------+----------+-------------------------------------------
     0 | D:1      | DocEon the Minotaur Berserker began the quest for the Orb.
     0 | D:1      | Reached XP level 1. HP: 19/19 MP: 0/0
    73 | D:1      | You fall into a shaft and drop 1 floor!
    85 | D:2      | Reached skill level 4 in Axes
    91 | D:2      | Reached XP level 2. HP: 25/26 MP: 1/1
   310 | D:2      | Reached skill level 5 in Axes
   395 | D:2      | Reached XP level 3. HP: 31/31 MP: 2/2
   404 | D:2      | Found a faded altar of an unknown god.
   412 | D:2      | Reached ** piety under Trog
  1025 | D:3      | Found Danwitef's Antique Armour Emporium.
  1152 | D:3      | Reached skill level 6 in Axes
  1152 | D:3      | Reached XP level 4. HP: 28/39 MP: 3/3
  1612 | D:4      | Noticed a phantom
  1619 | D:4      | Killed a phantom
  1620 | D:4      | Reached skill level 7 in Axes
  1620 | D:4      | Reached XP level 5. HP: 45/45 MP: 4/4
  1896 | D:4      | Reached skill level 8 in Axes
  1978 | D:4      | Reached XP level 6. HP: 51/51 MP: 5/5
  2366 | D:5      | Entered Level 5 of the Dungeon
  2497 | D:5      | Reached skill level 9 in Axes
  2634 | D:5      | Reached XP level 7. HP: 57/57 MP: 6/6
  2751 | D:5      | Noticed Ijyb
  2756 | D:5      | Killed Ijyb
  2756 | D:5      | Reached *** piety under Trog
  2904 | D:5      | Found a sparkling altar of Nemelex Xobeh.
  3057 | D:6      | Reached skill level 10 in Axes
  3344 | D:6      | Slain by an iguana

Illustrated notes

Levels and vault maps discovered:
D:1:      matt_arrival_grand_opening, layout_basic, patterned_corridor
D:2:      layout_basic, shapermc_ecumenical_altar_mp_urbaneastern,
          minmay_tromino_v2
D:3:      layout_loops_ring, serial_shops, shop
D:4:      layout_rooms, minivault_25
D:5:      layout_loops_ring, mainiacjoe_overflow_boulevard, uniq_ijyb
D:6:      layout_rooms, serial_bayou_lake_a

Skill      XL: |  1  2  3  4  5  6  7 |
---------------+----------------------+-----
Axes           | 4 5 6 7 8 9 10 | 10.9
Fighting       | |  3.6
Armour         | |  2.4
Dodging        | |  2.1

Action                     |  1- 3 |  4- 6 |  7- 9 || total
---------------------------+-------+-------+-------++-------
  Melee: Hand axe          |    64 |    38 |       ||   102
         Headbutt          |    12 |    15 |     4 ||    31
         War axe           |       |    56 |    32 ||    88
 Invoke: Berserk           |     1 |       |     2 ||     3
    Use: Scroll            |     1 |     4 |       ||     5
 Armour: Animal skin       |    14 |       |       ||    14
         Chain mail        |     6 |    59 |    26 ||    91
  Dodge: Dodged            |    39 |    43 |    11 ||    93

Table legend: (Time is in decaauts)
 A = Elapsed time spent in this place.
 B = Non-inter-level travel time spent in this place.
 C = Inter-level travel time spent in this place.
 D = Time resting spent in this place.
 E = Time spent auto-exploring this place.
 F = Levels seen in this place.
 G = Mean time per level.
                   A        B        C        D        E       F      G
               +--------+--------+--------+--------+--------+-----+--------+
         Total |   3362 |   3172 |    190 |    316 |   2306 |   6 |  560.3 |
       Dungeon |   3362 |   3172 |    190 |    316 |   2306 |   6 |  560.3 |
               +--------+--------+--------+--------+--------+-----+--------+

Top non-repeatable levels by time:
     D:2: 881 daAuts
     D:4: 754 daAuts
     D:5: 685 daAuts
     D:3: 661 daAuts
     D:6: 305 daAuts
     D:1: 73 daAuts
